 Dungeon Crawl Stone Soup version 0.28.0-53-g5a82cb258f (webtiles) character file.

Game seed: 8767398448630784173

36 Ashen the Caller (level 3, -7/19 HPs)
             Began as a Deep Elf Summoner on June 6, 2022.
             Killed from afar by an orc wizard (9 damage)
             ... with a magic dart
             ... on level 3 of the Dungeon.
             The game lasted 00:06:29 (2853 turns).

Ashen the Caller (Deep Elf Summoner)                Turns: 2853, Time: 00:06:31

Health: -7/19      AC:  4    Str:  5    XL:     3   Next: 19%
Magic:  9/9        EV: 13    Int: 21    God:
Gold:   56         SH:  0    Dex: 15    Spells: 6/8 levels left

rFire   . . .      SeeInvis .   f - +0 dagger
rCold   . . .      Faith    .   (no shield)
rNeg    . . .      Spirit   .   a - +0 robe
rPois   .          Reflect  .   c - +1 helmet
rElec   .          Harm     .   (no cloak)
rCorr   .          Rampage  .   (no gloves)
Will    .....                   (no boots)
Stlth   ++........              (no amulet)
HPRegen 0.06/turn               (no ring)
MPRegen 0.11/turn               (no ring)

@: lethally poisoned (-7 -> -11)
A: no striking features
a: no special abilities


You were on level 3 of the Dungeon.
You visited 1 branch of the dungeon, and saw 3 of its levels.

You collected 56 gold pieces.

Inventory:

Hand Weapons
 b - a +0 short sword
 f - a +0 dagger (weapon)
Armour
 a - a +0 robe (worn)
 c - a +1 helmet (worn)
Scrolls
 h - a scroll of identify {unknown}
Potions
 d - a potion of curing {unknown}
 e - 2 potions of lignification {unknown}
 g - a potion of experience {unknown}
 i - a potion of berserk rage {unknown}


   Skills:
 + Level 2.8 Dodging
 + Level 2.7 Stealth
 + Level 3.3 Spellcasting
 + Level 5.1 Summonings


You had 6 spell levels left.
You knew the following spells:

 Your Spells              Type           Power      Damage    Failure   Level
b - Call Imp              Summ           25%        N/A       2%          2

Your spell library contained the following spells:

 Spells                   Type           Power      Damage    Failure   Level
 Summon Small Mammal      Summ           100%       N/A       1%          1
 Call Canine Familiar     Summ           25%        N/A       4%          3
 Summon Guardian Golem    Hex/Summ       14%        N/A       13%         3
 Blink                    Tloc           6%         N/A       19%         2
 Lesser Beckoning         Tloc           3%         N/A       36%         3
 Summon Lightning Spire   Summ/Air       14%        N/A       41%         4
 Manifold Assault         Tloc           3%         N/A       98%         5


Dungeon Overview and Level Annotations

Branches:
Dungeon (3/15)

Altars:
Ashenzari
Makhleb

Shops:
D:3 [


Message History

You miss something. Something hits you.
You miss something. Something hits you but does no damage.
You hit something but do no damage. Something hits you but does no damage.
You barely miss something. Something hits you.
You closely miss something. Something hits you but does no damage.
You closely miss something. Something hits you but does no damage.
You hit something but do no damage. Something hits you.
You closely miss something. Something hits you.
You miss something.
You hear some strange, mumbled words.
You are confused.
Are you sure you want to stumble around while confused and next to your shadow imp? [Y]es or [N]o only, please.
Are you sure you want to stumble around while confused and next to your shadow imp? [Y]es or [N]o only, please.
Are you sure you want to stumble around while confused and next to your shadow imp? [Y]es or [N]o only, please.
Are you sure you want to stumble around while confused and next to your shadow imp?
Okay, then.
You hear some strange, mumbled words.
A magic dart appears from out of thin air!
The magic dart hits you but does no damage.
Something hits you. Something hits you.
The orc throws a poisoned dart.
The poisoned dart hits you!
You are lethally poisoned!
* * * LOW HITPOINT WARNING * * *
You feel sick. Something hits you but does no damage.
* * * LOW HITPOINT WARNING * * *
You feel sick.
You hear some strange, mumbled words.
Something tries to affect you, but you resist.
In your confused state, you trip and fall back down the stairs.
* * * LOW HITPOINT WARNING * * *
You feel less confused.
* * * LOW HITPOINT WARNING * * *
You feel sick.
You hear some strange, mumbled words.
A magic dart appears from out of thin air!
The magic dart hits you!
You die...

#.##.#.#..#..# #.#
#.##.#....#..###.#
#.##.............#
#.#####...#####..#
#.# #...# #..# ..#
#...# #..#
#######...# #..#
#.........#####..#
#.#####........5@#
........).#####{##
..######### #.#
#.# #.# #.# #o#
#.# #.# #.# ...
#.# ..... ..#
.......


You could see an orc and a friendly shadow imp (summoned).

Vanquished Creatures
  2 ball pythons
  3 goblins
  5 hobgoblins
  3 kobolds
  A quokka (D:2)
  3 rats
17 creatures vanquished.

Vanquished Creatures (collateral kills)
  A dart slug (D:2)
  2 ball pythons
  2 endoplasms (D:1)
  2 hobgoblins
  A frilled lizard (D:1)
  A goblin (D:1)
  3 kobolds
12 creatures vanquished.

Grand Total: 29 creatures vanquished

Notes
Turn   | Place    | Note
-------+----------+-------------------------------------------
     0 | D:1      | Ashen the Deep Elf Summoner began the quest for the Orb.
     0 | D:1      | Reached XP level 1. HP: 10/10 MP: 6/6
   412 | D:1      | Found a faded altar of an unknown god.
   481 | D:1      | Reached XP level 2. HP: 6/15 MP: 8/8
   484 | D:1      | Learned a level 2 spell: Call Imp
  1193 | D:1      | Reached skill level 5 in Summonings
  1320 | D:2      | Found a broken altar of Ashenzari.
  2382 | D:2      | Reached XP level 3. HP: 19/19 MP: 9/9
  2655 | D:3      | Found a burning altar of Makhleb.
  2738 | D:3      | Found Siumiled's Antique Armour Emporium.
  2853 | D:3      | Killed from afar by an orc wizard

Illustrated notes

Levels and vault maps discovered:
D:1:      dpeg_arrival_rooms_b, layout_basic,
          hellmonk_ecumenical_altar_slurped_away
D:2:      layout_loops_ring, basic_altar
D:3:      layout_loops_ring, mainiacjoe_overflow_tiny_flanked, serial_shops,
          shop

Skill      XL: |  1  2 |
---------------+-------+-----
Summonings     | 5 |  5.1
Dodging        | |  2.8
Stealth        | |  2.7
Spellcasting   | |  3.3

Action                   || total
-------------------------++-------
Melee: Dagger            ||   127
       Unarmed           ||     8
       Punch             ||     3
 Cast: Summon Small Mamm ||     8
       Call Imp          ||    13
  Use: Scroll            ||     3
 Stab: Sleeping          ||     4
Armor: Robe              ||    35
Dodge: Dodged            ||    72
